Map: Ulrena

Players

BoTaMin

  • Race: Terran Terran

pupu - Winner!

  • Race: Protoss Protoss
  • League: Gold

VOD

Have the link to the VOD?

Description

Time

  • Played on: April 23, 2016, 3:10 a.m.
  • Length: 8:44
Show
View Real Time Build Order
Export as new Build Order

BoTaMin Terran 

Build Orders:  

Get SALT Encoding   

  12  0:03  SCV  
  13  0:15  SCV  
  14  0:23  Supply Depot  
  14  0:27  SCV  
  15  0:44  SCV  
  15  0:46  Barracks  
  16  0:52  Refinery  
  16  0:57  SCV  
  17  1:09  SCV  
  18  1:21  SCV  
  19  1:35  Barracks Reactor  
  19  1:43  Command Center  
  19  1:44  Orbital Command  
  19  1:56  Supply Depot  
  19  2:11  SCV  
  19  2:14  Marine x2  
  19  2:15  Factory  
  22  2:26  SCV  
  23  2:31  Barracks  
  23  2:38  SCV  
  23  2:44  Refinery  
  24  2:46  Marine x2  
  24  2:50  SCV  
  27  3:02  SCV  
  27  3:03  Factory Tech Lab  
  28  3:10  Marine x2  
  28  3:11  Orbital Command  
  29  3:14  SCV  
  30  3:22  Marine  
  30  3:24  Cyclone  
  30  3:27  SCV  
  35  3:30  Marine x2  
  37  3:35  Orbital Command  
  37  3:39  SCV  
  37  3:40  Marine  
  39  3:48  Marine x2  
  41  3:56  Cyclone  
  41  3:58  Supply Depot, Marine  
  45  4:04  SCV  
  46  4:16  Starport  
  46  4:19  Barracks Tech Lab  
  46  4:20  SCV  
  46  4:23  SCV  
  48  4:26  Supply Depot  
  48  4:29  Marine  
  48  4:30  Engineering Bay  
  49  4:32  SCV  
  53  4:38  Cyclone  
  53  4:44  SCV  
  54  4:45  Refinery  
  54  4:55  SCV  
  54  4:56  SCV  
  54  4:59  Stimpack  
  56  5:07  SCV  
  56  5:08  SCV, Refinery  
  56  5:11  Supply Depot  
  56  5:14  Supply Depot  
  55  5:19  SCV  
  55  5:21  SCV  
  57  5:29  Terran Infantry Weapons Level 1  
  57  5:32  SCV  
  57  5:33  SCV  
  57  5:34  Marine  
  57  5:35  Marine x2  
  62  5:38  Medivac  
  64  5:44  Barracks  
  64  5:45  SCV  
  64  5:47  Barracks  
  64  5:49  SCV  
  66  5:52  Marine x2  
  66  5:53  Marine  
  69  5:58  Barracks  
  69  6:03  Liberator  
  64  6:10  Marine  
  64  6:11  Marine x2  
  66  6:29  Marine  
  66  6:32  Marine  
  57  6:35  Cyclone  
  57  6:38  SCV  
  54  6:41  SCV  
  54  6:46  Marine  
  49  6:54  SCV  
  41  6:56  Marine x2  
  41  6:58  Marine x2  
  35  7:04  Marine  
  35  7:06  SCV  
  35  7:11  Medivac  
  35  7:12  Marine  
  35  7:14  Marine x2  
  36  7:15  Marine  
  36  7:16  Marine  
  36  7:18  SCV  
  34  7:30  Marine  
  34  7:31  SCV  
  34  7:33  Marine x2  
  36  7:38  Marine  
  36  7:39  Marine  
  36  7:43  SCV  
  34  7:47  Marine  
  31  7:51  Marine x2  
  31  7:55  SCV  
  30  8:05  Marine  
  25  8:09  Marine x2  
  25  8:11  SCV  
  26  8:19  Marine x2  
  23  8:20  Marine  
  23  8:23  Marine  
Show
View Real Time Build Order
Export as new Build Order

pupu Protoss - Winner!

Build Orders:  

Get SALT Encoding   

  12  0:01  Probe (Chrono Boost)  
  13  0:11  Probe (Chrono Boost)  
  14  0:18  Pylon  
  14  0:22  Probe (Chrono Boost)  
  15  0:36  Probe (Chrono Boost)  
  15  0:39  Gateway  
  16  0:47  Probe (Chrono Boost)  
  16  0:48  Assimilator  
  17  0:57  Probe (Chrono Boost)  
  18  1:06  Forge  
  18  1:09  Probe (Chrono Boost)  
  19  1:20  Probe (Chrono Boost)  
  20  1:30  Probe (Chrono Boost)  
  21  1:37  Cybernetics Core  
  21  1:41  Probe (Chrono Boost)  
  22  1:55  Nexus  
  22  1:59  Probe (Chrono Boost)  
  23  2:05  Pylon  
  23  2:17  Assimilator  
  23  2:20  Pylon  
  23  2:23  Probe (Chrono Boost)  
  23  2:25  Warp Gate (Chrono Boost)  
  24  2:32  Protoss Ground Weapons Level 1 (Chrono Boost)  
  24  2:34  Probe  
  24  2:36  Zealot  
  27  2:46  Probe  
  28  2:58  Probe  
  29  3:08  Probe  
  29  3:10  Probe  
  31  3:14  Sentry  
  31  3:18  Probe  
  33  3:22  Probe  
  33  3:23  Robotics Facility  
  35  3:31  Gateway  
  35  3:33  Gateway, Probe  
  36  3:35  Pylon  
  36  3:36  Probe  
  37  3:45  Probe  
  37  3:48  Probe  
  39  3:53  Twilight Council  
  39  3:57  Probe  
  40  4:13  Probe x2  
  40  4:14  Photon Cannon  
  40  4:15  Warp Prism  
  44  4:25  Probe x2  
  44  4:26  Pylon  
  44  4:29  Pylon  
  46  4:34  Gateway  
  46  4:37  Gateway, Mothership Core, Probe  
  49  4:41  Protoss Ground Armor Level 1 (Chrono Boost)  
  49  4:49  Probe  
  49  4:51  Charge (Chrono Boost)  
  50  4:59  Probe  
  51  5:02  Probe  
  51  5:04  Zealot x3  
  58  5:11  Probe  
  58  5:14  Probe  
  56  5:25  Stalker x3  
  62  5:33  Stalker  
  64  5:37  Zealot  
  66  5:51  Adept x3  
  72  5:58  Zealot  
  72  6:03  Zealot  
  60  6:17  Zealot  
  60  6:18  Zealot x2  
  60  6:19  Zealot  
  60  6:23  Probe x2  
  64  6:45  Zealot x4  
  64  6:46  Zealot  
  68  7:20  Stalker x2  
  68  7:21  Stalker x3  
  62  7:53  Stalker x2  
  62  7:54  Stalker x3  
  72  8:25  Adept x3  
Tags
 
League
Gold
Matchup
PvT
Add a new tag
Caveats
  • Supply blocks, unpowered buildings, or Contaminate may cause inaccurate times.
  • Supply counts are checked every 10 seconds.